 Dungeon Sprint DCSS version 0.21-a0-67-g3f13d09 (webtiles) character file.

432 Kidiri the Cudgeler (level 6, -3/63 (66) HPs)
             Began as a Troll Gladiator on June 17, 2017.
             Slain by a tyrant leech (6 damage)
             ... in the Dungeon (Sprint II: "The Violet Keep of Menkaure").
             The game lasted 00:01:31 (246 turns).

Kidiri the Cudgeler (Troll Gladiator)                Turns: 246, Time: 00:01:32

HP:   -3/63 (66)    AC:  5    Str: 23    XL:     6   Next: 67%
MP:   5/5           EV: 13    Int:  4    God:
Gold: 486           SH:  0    Dex: 13    Spells: 5/5 levels left

rFire    . . .     SeeInvis .   a - +0 flail
rCold    . . .     Gourm    +   (no shield)
rNeg     . . .     Faith    .   b - +0 robe
rPois    .         Spirit   .   c - +0 hat
rElec    .         Reflect  .   (no cloak)
rCorr    .         Harm     .   (gloves unavailable)
MR       .....     NoTele   +   (boots unavailable)
Stlth    ++........             (no amulet)
HPRegen  0.60/turn              (no ring)
MPRegen  0.09/turn              (no ring)

@: no status effects
A: unfitting armour, claws 3, fast metabolism 3, gourmand, regeneration 1,
shaggy fur 1, tough skin 2
a: no special abilities


You were in the Dungeon.
You were not hungry.

You visited 1 branch You collected 486 gold pieces.

Inventory:

Hand Weapons
 a - a +0 flail (weapon)
Missiles
 d - 3 throwing nets (quivered)
Armour
 b - a +0 robe (worn)
 c - a +0 hat (worn)
Scrolls
 k - a scroll of blinking
Potions
 h - a potion of haste
 i - 2 potions of magic
Comestibles
 f - 2 bread rations


   Skills:
 * Level 5.4 Fighting
 * Level 6.5 Maces & Flails
 + Level 4.3 Throwing
 + Level 3.6 Armour
 * Level 6.0 Dodging
 * Level 3.8 Stealth


You had 5 spell levels left.
You didn't know any spells.

Dungeon Overview and Level Annotations

Branches:
Dungeon (1/1)

Altars:


Innate Abilities, Weirdness & Mutations

You are too large for most types of armour.
You have claws for hands.
Your metabolism is lightning-fast.
You like to eat raw meat.
Your natural rate of healing is unusually fast.
You are covered in fur. (AC +1)
You have very tough skin. (AC +2)


Message History

The tyrant leech draws strength from your injuries!
There is an open door here.
Items here: %% รทรท 4 inedible chunks of flesh; 2 inedible chunks of flesh; a necrophage skeleton x2
You barely miss the tyrant leech.
The tyrant leech is lightly wounded.
The tyrant leech closely misses you.
You barely miss the tyrant leech.
The tyrant leech is lightly wounded.
You hit the tyrant leech but do no damage.
The tyrant leech is lightly wounded.
The tyrant leech bites you!
The tyrant leech draws strength from your injuries!
You closely miss the tyrant leech. The tyrant leech bites you!!
* * * LOW HITPOINT WARNING * * *
The tyrant leech draws strength from your injuries!
You sock the tyrant leech!
The tyrant leech is moderately wounded.
The tyrant leech bites you.
You die...

##+## ##.#.##
#..#..#
#####.### #
##.###+# .##
#...##.##..$#
+##.@ww.'#
#...##.##...#
##.###+# .##
### #


You could see 2 tyrant leeches.

Vanquished Creatures
  4 necrophages (D)
  4 worker ants (D)
8 creatures vanquished.

Vanquished Creatures (others)
  Menkaure (D)
  A crocodile (D)
2 creatures vanquished.

Grand Total: 10 creatures vanquished

Notes
Turn   | Place    | Note
-------+----------+-------------------------------------------
     0 | D        | Kidiri the Troll Gladiator began the quest for the Orb.
     0 | D        | Reached XP level 1. HP: 19/19 MP: 0/0
     1 | D        | Noticed a worker ant
     1 | D        | Noticed a worker ant
     6 | D        | Killed a worker ant
     6 | D        | Reached skill level 1 in Armour
     6 | D        | Reached skill level 1 in Stealth
     6 | D        | Reached XP level 2. HP: 27/29 MP: 1/1
    16 | D        | Killed a crocodile
    19 | D        | Reached XP level 3. HP: 5/36 MP: 2/2
    31 | D        | Reached XP level 4. HP: 16/45 MP: 3/3
    44 | D        | Killed Menkaure
   169 | D        | Noticed a necrophage
   169 | D        | Noticed a necrophage
   169 | D        | Noticed a necrophage
   169 | D        | Noticed a necrophage
   176 | D        | Killed a necrophage
   176 | D        | Reached skill level 5 in Maces & Flails
   176 | D        | Reached XP level 5. HP: 52/52 MP: 4/4
   180 | D        | Killed a necrophage
   180 | D        | Reached skill level 5 in Dodging
   188 | D        | Killed a necrophage
   188 | D        | Reached skill level 5 in Fighting
   188 | D        | Reached XP level 6. HP: 45/63 MP: 5/5
   233 | D        | Noticed a tyrant leech
   233 | D        | Noticed a tyrant leech
   245 | D        | HP: 2/63 [tyrant leech (25)]
   246 | D        | Slain by a tyrant leech

Vault maps used:
D:        the_violet_keep_of_menkaure

Skill      XL: |  1  2  3  4  5  6 |
---------------+-------------------+-----
Fighting       | 2 3 4 5 |  5.4
Maces & Flails | 3 4 5 6 |  6.5
Throwing       | 2 3 4 |  4.3
Armour         | 1 2 3 |  3.6
Dodging        | 3 4 5 6 |  6.0
Stealth        | 1 2 3 |  3.8

Action                   |  1- 3 |  4- 6 || total
-------------------------+-------+-------++-------
Melee: Flail             |    21 |    47 ||    68
  Use: Potion            |     2 |     1 ||     3
  Eat: Chunk             |       |     2 ||     2
Armor: Robe              |     4 |     6 ||    10
Dodge: Dodged            |    16 |    21 ||    37
